 Dungeon Crawl Stone Soup version 0.31.0-10-gcf4a605ca0 (webtiles) character file.

Game seed: 11507151284964224341

1744 Gadfly the Ruffian (level 8, -3/75 HPs)
             Began as a Troll Shapeshifter on Jan 26, 2024.
             Was an Initiate of Ru.
             Slain by an ogre
             ... wielding a +0 giant spiked club
              (24 damage)
             ... on level 5 of the Dungeon.
             The game lasted 00:09:14 (4104 turns).

Gadfly the Ruffian (Troll Shapeshifter)             Turns: 4104, Time: 00:09:15

Health: -3/75      AC:  6    Str: 23    XL:     8   Next: 77%
Magic:  0/7        EV: 11    Int:  6    God:    Ru [......]
Gold:   225        SH:  0    Dex: 11    Spells: 7/7 levels left

rFire   + .          .
                       - Unarmed
rCold   . . .        (no shield)
rNeg    . . .        q - +2 robe {rF+}
rPois   .            a - melded +2 hat
rElec   .            (cloak currently unavailable)
rCorr   .            (gloves unavailable)
SInv    .            (boots unavailable)
Will    +....        j - amulet of guardian spirit
Stlth   +            o - ring of willpower
HPRegen 1.12/turn    (no ring)
MPRegen 0.10/turn

%: guardian spirit
@: beast-form
A: beast (slay +2), large, unfitting armour, claws 3, regeneration 1, shaggy fur
1, tough skin 1
a: Begin Untransformation, Renounce Religion


You were on level 5 of the Dungeon.
You worshipped Ru.
Ru was noncommittal.
You were a hulking beast.
You visited 1 branch of the dungeon, and saw 5 of its levels.

You collected 341 gold pieces.
You spent 116 gold pieces at shops.

Inventory:

Hand Weapons
 r - a +3 dagger of holy wrath
Armour
 a - a +2 hat (melded)
 q - a +2 robe of fire resistance (worn)
Jewellery
 j - an amulet of guardian spirit (around neck)
 o - a ring of willpower (left claw)
Talismans
 c - a beast talisman (active)
 d - a flux talisman
Wands
 m - a wand of charming (10)
Scrolls
 e - 3 scrolls of fear
 g - 4 scrolls of teleportation
 s - a scroll of butterflies
 t - 2 scrolls of blinking {unknown}
Potions
 b - a potion of lignification
 f - a potion of cancellation
 h - a potion of ambrosia
 i - 6 potions of curing
 k - 2 potions of attraction
 l - 2 potions of enlightenment {unknown}
 n - a potion of might {unknown}
 p - 3 potions of mutation


   Skills:
 + Level 3.4 Fighting
 * Level 5.1 Dodging
 + Level 5.2 Unarmed Combat
 * Level 4.5 Evocations
 + Level 4.9 Shapeshifting


You had 7 spell levels left.
You didn't know any spells.
Your spell library contained the following spells:

 Spells                   Type           Power      Damage    Failure   Level
 Call Canine Familiar     Summ           0%         N/A       83%         3
 Dazzling Flash           Conj/Hex       0%         N/A       83%         3
 Sigil of Binding         Hex            0%         N/A       83%         3
 Volatile Blastmotes      Fire/Tloc      0%         2d10      83%         3
 Dimensional Bullseye     Hex/Tloc       0%         N/A       99%         4
 Starburst                Conj/Fire      0%         6d3       100%        6
 Maxwell's Capacitive Co  Air            0%         ∞         100%        8


Dungeon Overview and Level Annotations

Branches:
Dungeon (5/15)
 Temple: D:4-7

Altars:
Fedhas
Hepliaklqana
Kikubaaqudgha
Ru
Trog
Uskayaw
Zin

Shops:
D:2 *=[


Innate Abilities, Weirdness & Mutations

You are a hulking beast.
Your limbs bulge with bestial killing power. (Slay +2)
You are too large for most types of armour.
You have claws for hands.
Your natural rate of healing is unusually fast.
You are covered in fur. (AC +1)
You have tough skin. (AC +1)


Message History

You kill the orc!
No target in view!
No target in view!
No target in view!
No target in view!
Things that are here:
a +0 flail; a +0 ring mail; an orc corpse
t - 2 scrolls labelled ANO PUYLARE (gained 1)
Found a whip.
An ogre comes into view. It is wielding a +0 giant spiked club.
An ogre is nearby!
An ogre is nearby!
The ogre hits you with a +0 giant spiked club!!
You closely miss the ogre. You barely miss the ogre.
The ogre hits you with a +0 giant spiked club!
You scratch the ogre.
The ogre is moderately wounded.
You mangle the ogre!!
The ogre is almost dead.
The ogre hits you with a +0 giant spiked club!!
* * * LOW HITPOINT WARNING * * *
You are too injured to fight recklessly!
You are too injured to fight recklessly!
You are too injured to fight recklessly!
You are too injured to fight recklessly!
You are too injured to fight recklessly!
You are too injured to fight recklessly!
You are too injured to fight recklessly!
You are too injured to fight recklessly!
You are too injured to fight recklessly!
You are too injured to fight recklessly!
You are too injured to fight recklessly!
You are too injured to fight recklessly!
You are too injured to fight recklessly!
Unknown command.
You scratch the ogre but do no damage.
The ogre is almost dead.
The ogre hits you with a +0 giant spiked club!!
You die...

#.....).... #.#
#..######## #.#
#..# #..########
#..........
#.########### #.#
#..## ##.##
##.#.#.#
#...######.hO.'.#
#.........#####.#
#...######.#
##### #.# .# #


You could see an ogre.

Vanquished Creatures
  A yak (D:5)
  Menkaure (D:5)
  A water moccasin (D:5)
  2 ice beasts
  A black bear (D:5)
  2 centaurs (D:5)
  An ogre (D:5)
  A phantom (D:4)
  3 scorpions (D:5)
  3 hounds
  An orc priest (D:5)
  A jelly (D:5)
  Jessica (D:3)
  4 sleepcaps (D:4)
  An iguana (D:5)
  2 orc wizards
  Robin (D:3)
  8 adders
  A white imp (D:5)
  2 ufetubi (D:5)
  3 dart slugs
  3 ribbon worms
  15 orcs
  9 ball pythons
  4 endoplasms
  2 giant cockroaches (D:4)
  22 goblins
  10 hobgoblins
  10 jackals
  4 quokkas
  4 bats
  7 frilled lizards
  10 kobolds
  6 rats
147 creatures vanquished.

Notes
Turn   | Place    | Note
-------+----------+-------------------------------------------
     0 | D:1      | Gadfly the Troll Shapeshifter began the quest for the Orb.
     0 | D:1      | Reached XP level 1. HP: 18/18 MP: 0/0
    96 | D:1      | Reached skill level 1 in Fighting
    96 | D:1      | Reached XP level 2. HP: 27/27 MP: 1/1
   314 | D:1      | Reached skill level 1 in Evocations
   644 | D:2      | Found Zurch's Jewellery Emporium.
   644 | D:2      | Found Lahusih's Armour Shoppe.
   652 | D:2      | Reached XP level 3. HP: 33/33 MP: 2/2
   990 | D:2      | Found Killay's Assorted Antiques.
  1018 | D:2      | Reached XP level 4. HP: 41/41 MP: 3/3
  1266 | D:2      | Bought a lumpy golden potion for 18 gold pieces
  1266 | D:2      | Bought a scroll labelled RYOPIP TEGRA for 21 gold pieces
  1368 | D:2      | Bought a runed robe for 77 gold pieces
  1444 | D:3      | Noticed Robin
  1473 | D:3      | Killed Robin
  1514 | D:3      | Noticed Jessica
  1518 | D:3      | Killed Jessica
  1519 | D:3      | Reached XP level 5. HP: 48/48 MP: 4/4
  1538 | D:3      | Found a bloodstained altar of Trog.
  1538 | D:3      | You fall into a shaft and drop 1 floor!
  1828 | D:4      | Reached XP level 6. HP: 57/57 MP: 5/5
  1886 | D:4      | Identified the +8 sling of Eghad {speed, rPois Dex+3}
  2599 | D:3      | Found a blossoming altar of Fedhas.
  2734 | D:3      | Noticed an ice beast
  2750 | D:3      | Killed an ice beast
  2751 | D:3      | Reached XP level 7. HP: 65/65 MP: 6/6
  2946 | D:3      | Found an ancient bone altar of Kikubaaqudgha.
  3034 | D:3      | Found a sacrificial altar of Ru.
  3180 | D:3      | Became a worshipper of Ru the Awakened
  3375 | D:4      | Found a glowing silver altar of Zin.
  3413 | D:4      | Found a hide-covered altar of Uskayaw.
  3478 | D:5      | Entered Level 5 of the Dungeon
  3614 | D:5      | Noticed a yak
  3623 | D:5      | Killed a yak
  3673 | D:5      | Reached XP level 8. HP: 40/74 MP: 5/7
  3876 | D:5      | Found a hazy altar of Hepliaklqana.
  3899 | D:5      | Noticed Menkaure
  3908 | D:5      | Killed Menkaure
  3909 | D:5      | Reached skill level 5 in Unarmed Combat
  3982 | D:5      | Reached skill level 5 in Dodging
  4104 | D:5      | Slain by an ogre

Illustrated notes

Levels and vault maps discovered:
D:1:      tarquinn_simple_flora_water_d, layout_loops_ring, skrybe_limestone_x,
          minmay_pentomino_w4
D:2:      layout_basic, serial_shops, nicolae_shop_gaudy_bauble,
          nicolae_shop_temple_entry_statues_fountains, nicolae_shop_peninsula
D:3:      kb_forest_paths, layout_rooms, nicolae_overflow_crystal_walls,
          trog_hazing_becter, mainiacjoe_overflow_24_doors,
          nicolae_ru_the_path_less_chosen, uniq_jessica, uniq_robin
D:4:      minmay_thinvault, layout_basic, mainiacjoe_overflow_tiny_flanked,
          mainiacjoe_overflow_alcove_2, nrook_loot_triangle, hellmonk_no_cap
D:5:      minmay_octagon_keep, layout_loops_ring,
          mainiacjoe_overflow_small_starburst, minmay_small_thing, uniq_menkaure

Skill      XL: |  1  2  3  4  5  6  7  8 |
---------------+-------------------------+-----
Fighting       | 1 2 3 |  3.4
Evocations     | 1 2 3 4 |  4.5
Dodging        | 2 3 4 5 |  5.1
Unarmed Combat | 4 5 |  5.2
Shapeshifting  | 4 |  4.9

Action                     |  1- 3 |  4- 6 |  7- 9 || total
---------------------------+-------+-------+-------++-------
  Melee: Unarmed           |    94 |   149 |   124 ||   367
         Punch             |     1 |       |     5 ||     6
Ability: Begin Untransform |       |     1 |       ||     1
    Use: Scroll            |     4 |     7 |     3 ||    14
   Stab: Sleeping          |     2 |     1 |       ||     3
 Armour: Animal skin       |    53 |       |       ||    53
         Robe              |       |    98 |    94 ||   192
  Dodge: Dodged            |    42 |    69 |    72 ||   183
   Form: Beast             |       |     1 |       ||     1
